 Dungeon Crawl Stone Soup version 0.23.2-33-g5129a83184 (webtiles) character file.

Game seed: 1302809972036976937

73 Descartes the Grasshopper (level 4, 0/23 HPs)
             Began as a Spriggan Warper on July 6, 2019.
             Succumbed to an adder's poison
             ... on level 3 of the Dungeon.
             The game lasted 00:06:00 (2305 turns).

Descartes the Grasshopper (Spriggan Warper)         Turns: 2305, Time: 00:06:00

Health: 0/23       AC:  2    Str:  7    XL:     4   Next: 8%
Magic:  9/9        EV: 25    Int: 15    God:
Gold:   108        SH:  0    Dex: 20    Spells: 2/9 levels left

rFire    . . .     SeeInvis +   a - +0 short sword
rCold    . . .     Gourm    .   (shield restricted)
rNeg     . . .     Faith    .   q - +0 robe (curse)
rPois    .         Spirit   .   (helmet restricted)
rElec    .         Reflect  .   o - scarf {cloud immunity}
rCorr    .         Harm     .   (gloves unavailable)
MR       .....                  (boots unavailable)
Stlth    +++.......             (no amulet)
HPRegen  0.07/turn              t - ring of wizardry
MPRegen  0.11/turn              (no ring)

@: agile, lethally poisoned (0 -> -12), very quick
A: very small, unfitting armour, see invisible, herbivore, speed 3, slow
metabolism 2
a: no special abilities


You were on level 3 of the Dungeon.
You were not hungry.

You visited 1 branch of the dungeon, and saw 3 of its levels.

You collected 108 gold pieces.

Inventory:

Hand Weapons
 a - a +0 short sword (weapon)
 l - a +0 hunting sling
Missiles
 e - 5 tomahawks of dispersal (quivered)
 g - 15 arrows
 m - 53 stones
Armour
 o - a scarf of cloud immunity (worn)
 q - a cursed +0 robe (worn)
Jewellery
 t - a ring of wizardry (left hand)
Scrolls
 c - 5 scrolls of identify
 d - a scroll of blinking
 h - a scroll of amnesia {unknown}
 i - 2 scrolls of teleportation {unknown}
 j - a scroll of immolation {unknown}
 p - a scroll of enchant armour {unknown}
 s - a scroll of remove curse {unknown}
Potions
 b - a potion of agility
 k - a potion of cancellation
 n - a potion of resistance {unknown}
 r - a potion of brilliance {unknown}
Comestibles
 f - 3 rations


   Skills:
 + Level 1.9 Fighting
 * Level 3.1 Short Blades
 - Level 1.0 Throwing
 * Level 4.5 Dodging
 * Level 2.3 Stealth
 + Level 3.1 Spellcasting
 + Level 0.2 Charms
 + Level 4.5 Translocations


You had 2 spell levels left.
You knew the following spells:

 Your Spells              Type           Power        Failure   Level  Hunger
a - Blink                 Tloc           N/A          1%          2    ##.....
b - Shroud of Golubria    Chrm/Tloc      #.........   4%          2    ##.....
c - Teleport Other        Tloc           ###.....     3%          3    ###....

Your spell library contained the following spells:

 Spells                   Type           Power        Failure   Level  Hunger
 Gell's Gravitas          Tloc           ###.......   3%          3    ###....
 Lesser Beckoning         Tloc           ###.......   3%          3    ###....
 Passage of Golubria      Tloc           N/A          12%         4    #####..


Dungeon Overview and Level Annotations

Branches:
Dungeon (3/15)

Altars:


Innate Abilities, Weirdness & Mutations

You are very small and have problems with some larger weapons.
You are too small for most types of armour.
You have supernaturally acute eyesight. (SInv)
You are a herbivore.
You cover ground extremely quickly.
You need to consume almost no food.


Message History

The adder poisons you! The adder bites you.
* * * LOW HITPOINT WARNING * * *
You hit the adder but do no damage.
The adder is severely wounded.
* * * LOW HITPOINT WARNING * * *
You feel sick. The adder closely misses you.
You closely miss the adder.
The adder is severely wounded.
The adder bites you.
* * * LOW HITPOINT WARNING * * *
You hit the adder.
The adder is almost dead.
* * * LOW HITPOINT WARNING * * *
You feel sick. The adder misses you. The adder bites you.
* * * LOW HITPOINT WARNING * * *
You are more poisoned.
The adder poisons you!
It was a potion of agility.
You feel agile all of a sudden.
You die...

#.....†##†##<##
#.#.##.##.##...
#.#.##.##.#####
#.#.......# #.#.##.####
#.#.##[#######
.#########.#.##.#.....#
........##.#.#..).....#
......S@..............#
........#.............#
.########.#...###.....#
#.##### ####### ### #.#
..# #.# ############
###.# #.# #.....†.....
..#.### #.#
#.######.... ......
######.# #.# #.##.


You could see an adder.

Vanquished Creatures
  An adder (D:2)
  An ooze (D:2)
  A worm (D:2)
  A dart slug (D:1)
  5 leopard geckos
  2 ball pythons
  8 bats
  3 giant cockroaches
  3 goblins
  7 hobgoblins
  3 jackals (D:3)
  3 kobolds
  5 frilled lizards
  3 rats (D:1)
46 creatures vanquished.

Notes
Turn   | Place    | Note
-------+----------+-------------------------------------------
     0 | D:1      | Descartes the Spriggan Warper began the quest for the Orb.
     0 | D:1      | Reached XP level 1. HP: 10/10 MP: 5/5
   106 | D:1      | Reached skill level 1 in Stealth
   159 | D:1      | Reached XP level 2. HP: 14/14 MP: 6/6
   834 | D:2      | Reached XP level 3. HP: 17/18 MP: 8/8
   838 | D:2      | Learned a level 2 spell: Blink
   841 | D:2      | Learned a level 2 spell: Shroud of Golubria
   845 | D:2      | Learned a level 3 spell: Teleport Other
  2111 | D:3      | Reached XP level 4. HP: 19/23 MP: 9/9
  2304 | D:3      | HP: 1/23 [adder (1)]
  2305 | D:3      | Succumbed to an adder's poison

Skill      XL: |  1  2  3 |
---------------+----------+-----
Stealth        | 1 2 |  2.3
Dodging        | 4 |  4.5
Short Blades   | 3 |  3.1
Spellcasting   | 3 |  3.1
Fighting       | |  1.9
Throwing       | |  1.0
Charms         | |  0.2
Translocations | |  4.5

Action                   |  1- 3 |  4- 6 || total
-------------------------+-------+-------++-------
Melee: Short sword       |   176 |    36 ||   212
  Use: Scroll            |     1 |       ||     1
       Potion            |       |     1 ||     1
 Stab: Sleeping          |     9 |     1 ||    10
Armor: Robe              |    11 |     6 ||    17
Dodge: Dodged            |   147 |    39 ||   186
